[Event "Early-Titled-Tuesday-Blitz-March-05-2024"]
[Site "Chess.com"]
[Date "2024.03.05"]
[Round "9"]
[White "HansOnTwitch"]
[Black "Iball95"]
[Result "1-0"]
[WhiteElo "3114"]
[BlackElo "2910"]
[TimeControl "180+1"]
[EndTime "9:45:58 PST"]
[Termination "HansOnTwitch won by checkmate"]

1. e4 c5 2. Nf3 e6 3. b3 Nc6 4. Bb2 a6 5. c4 Nf6 6. e5 Ng4 7.
g3 d6 8. exd6 Nf6 9. Bg2 Bxd6 10.
O-O O-O 11. d4 cxd4 12. Nxd4 Be5 13. Bxc6 bxc6 14. Re1 Qc7 15. Nxe6 Bxe6 16. Bxe5 Qa5 17. Qd2 Qxd2 18. Nxd2 Nd7 19. Bd6 Rfd8 20. Nf3 c5 21. Rad1 h6 22. Rxe6 fxe6 23. Bc7 Rf8 24. Kg2 Rf7 25.
Bf4 Raf8 26. Bd6 Rc8 27. h4 a5 28. a4 Rc6 29. Rd3 Kh7 30. Bf4 Rb6 31. Bd2 Ra6 32. Bc3 Kg8 33. g4 Kf8 34. g5 hxg5 35. Nxg5 Re7 36.
f4 Ke8 37. Ne4 Rc6 38. Bxa5 e5 39. f5 Nf6 40. Rd8+ Kf7 41. Ng5# 1-0

[Event "Early-Titled-Tuesday-Blitz-March-05-2024"]
[Site "Chess.com"]
[Date "2024.03.05"]
[Round "9"]
[White "guillembaches"]
[Black "Aleksandar-Topalov"]
[Result "1-0"]
[WhiteElo "2524"]
[BlackElo "2353"]
[TimeControl "180+1"]
[EndTime "9:45:59 PST"]
[Termination "guillembaches won on time"]

1. Nf3 Nf6 2. d4 g6 3. Bg5 Bg7 4. Nbd2 d6 5. e4 O-O 6. c3 c5 7. dxc5 dxc5 8. Bc4 Nc6 9. Qe2 Qc7 10. O-O b6 11. a4 Bb7 12. Rfd1 Rad8 13. h3 Ne5 14.
Nxe5 Qxe5 15. f4 Qc7 16. e5 Nd5 17. Rf1 h6 18. Bh4 g5 19. fxg5 hxg5 20. Bg3 Qd7 21. Ne4 Nc7 22. Nxg5 Qd2 23. Rae1 Qxg5 24. Kh2 Ne6 25.
Bd3 Kh8 26. Rf5 1-0

[Event "Early-Titled-Tuesday-Blitz-March-05-2024"]
[Site "Chess.com"]
[Date "2024.03.05"]
[Round "9"]
[White "Juwen"]
[Black "Igor_Lysyj"]
[Result "1-0"]
[WhiteElo "2669"]
[BlackElo "2812"]
[TimeControl "180+1"]
[EndTime "9:46:00 PST"]
[Termination "Juwen won by resignation"]

1. e4 e5 2. Nf3 Nc6 3. Bc4 Bc5 4. d3 Nf6 5. O-O d6 6. c3 a6 7. a4 Ba7 8. Re1 O-O 9. h3 Re8 10. Nbd2 Be6 11. Bxe6 Rxe6 12. b4 d5 13. Qc2 d4 14.
Bb2 dxc3 15. Bxc3 Nh5 16. b5 Nd4 17. Bxd4 Bxd4 18. Nxd4 Qxd4 19. Qxc7 Nf4 20. Nf3 Nxh3+ 21. Kh2 Qxf2 22. Rf1 Qe3 23. Nxe5 Ng5 24. Nxf7 Rf6 25.
Rxf6 gxf6 26. Nh6+ Kh8 27. Nf5 Qf4+ 28. Qxf4 1-0

[Event "Early-Titled-Tuesday-Blitz-March-05-2024"]
[Site "Chess.com"]
[Date "2024.03.05"]
[Round "9"]
[White "StankovicIvan"]
[Black "ClauSanLuis"]
[Result "1-0"]
[WhiteElo "2525"]
[BlackElo "2353"]
[TimeControl "180+1"]
[EndTime "9:46:04 PST"]
[Termination "StankovicIvan won by resignation"]

1. e4 c5 2. c4 Nc6 3. Nc3 e5 4. g3 g6 5. Bg2 Bg7 6. Nge2 Nge7 7. d3 h6 8. O-O O-O 9. Rb1 Rb8 10. a3 a6 11. b4 cxb4 12. axb4 b5 13. cxb5 axb5 14. Be3 Nd4 15. Qd2 Kh7 16. f4 Nxe2+ 17. Nxe2 exf4 18. Bxf4 Rb6 19. Rbc1 Rc6 20. d4 Bb7 21. d5 Rxc1 22. Rxc1 f5 23. e5 g5 24. Be3 Bxe5 25. d6 Nc6 26. Qd5 Qf6 27. Qxb5 Nd4 28. Qd3 Nxe2+ 29. Qxe2 Bxg2 30. Qxg2 f4 31. Qe4+ Kh8 32.
Rf1 Qxd6 33. Bc5 Qg6 34. Qxg6 1-0

[Event "Early-Titled-Tuesday-Blitz-March-05-2024"]
[Site "Chess.com"]
[Date "2024.03.05"]
[Round "9"]
[White "Mikasinski"]
[Black "PeshkaCh"]
[Result "1/2-1/2"]
[WhiteElo "2625"]
[BlackElo "2818"]
[TimeControl "180+1"]
[EndTime "9:46:08 PST"]
[Termination "Game drawn by repetition"]

1. e4 e5 2. Nf3 Nc6 3. Nc3 Nf6 4.
Bb5 Nd4 5. Nxd4 exd4 6. e5 dxc3 7.
exf6 Qxf6 8. dxc3 c6 9. Bd3 d5 10. O-O Be6 11. Be3 Bd6 12. g3 O-O 13. Qh5 h6 14.
Bd4 Qg5 15. Qxg5 hxg5 16. Rfe1 Rfe8 17. b4 a6 18. a4 Bd7 19. a5 Bh3 20. f3 Be6 21. Kf2 Re7 22. Re2 Rae8 23. Rae1 Bc8 24. Re3 Kf8 25. Rxe7 Rxe7 26. Rxe7 Bxe7 27. Ke3 Bd6 28.
Bc5 Bxc5+ 29. bxc5 Ke7 30. c4 dxc4 31. Bxc4 Bf5 32. c3 Bg6 33. Kd4 f6 34. Be2 Bf7 35. Bf1 Bd5 36. Ke3 Be6 37. Bd3 Bd7 38. Bg6 Be6 39.
Bd3 Bd7 40. Bc2 Be6 41. Be4 Bd7 42. Kd4 Be6 43. Ke3 Kd7 44. Bh7 Ke7 45. Bc2 Bd7 46. Bb3 Bf5 47. Bc4 Bc8 48. Bd3 Be6 49. Kd4 Bd7 50.
Ke3 Be6 51. Ke4 Bd5+ 52. Ke3 Be6 1/2-1/2

[Event "Early-Titled-Tuesday-Blitz-March-05-2024"]
[Site "Chess.com"]
[Date "2024.03.05"]
[Round "9"]
[White "francyIM"]
[Black "RandomNoob04"]
[Result "1-0"]
[WhiteElo "2775"]
[BlackElo "2599"]
[TimeControl "180+1"]
[EndTime "9:46:09 PST"]
[Termination "francyIM won by checkmate"]

1. e4 d5 2. exd5 Qxd5 3. Nc3 Qa5 4. Bc4 Nf6 5. Nf3 Bg4 6. h3 Bh5 7. O-O e6 8. d4 Nc6 9. Bd2 O-O-O 10. Nd5 Bxf3 11.
gxf3 Qa4 12. b3 Qa3 13. Nxf6 gxf6 14. c3 e5 15. f4 exd4 16. Qf3 Qc5 17. Bxf7 dxc3 18.
Bxc3 Nd4 19. Bxd4 Rxd4 20. Rac1 Qd6 21. Rfe1 Bh6 22. Rc4 Rxc4 23. bxc4 Qxf4 24. Qa3 Kb8 25. Qe7 a6 26. Bd5 f5 27. Rb1 b6 28. Rxb6+ Kc8 29.
Be6# 1-0

[Event "Early-Titled-Tuesday-Blitz-March-05-2024"]
[Site "Chess.com"]
[Date "2024.03.05"]
[Round "9"]
[White "SmirnovTimofey2000"]
[Black "Arteler"]
[Result "1-0"]
[WhiteElo "1978"]
[BlackElo "2394"]
[TimeControl "180+1"]
[EndTime "9:46:09 PST"]
[Termination "SmirnovTimofey2000 won by checkmate"]

1. e4 e6 2. d4 d5 3. Nc3 Nf6 4. e5 Nfd7 5. Nf3 c5 6. Bg5 Be7 7. Bxe7 Qxe7 8. Nb5 a6 9. Nc7+ Kd8 10. Nxa8 cxd4 11.
Qxd4 Nc6 12. Qh4 f6 13. exf6 gxf6 14. O-O-O b5 15. Nd4 Bb7 16. Nxc6+ Bxc6 17. Nc7 Kxc7 18. Be2 e5 19. Bg4 d4 20. Bxd7 Bxd7 21. Qg3 Be6 22. Rxd4 Kb6 23. Rd2 Bxa2 24. Qe3+ Kb7 25. Rhd1 Be6 26.
Qe4+ Kb6 27. Rd6+ Ka5 28. Qe1+ b4 29. Qe3 Rc8 30. Qb6+ Ka4 31. Qxa6# 1-0

[Event "Early-Titled-Tuesday-Blitz-March-05-2024"]
[Site "Chess.com"]
[Date "2024.03.05"]
[Round "9"]
[White "Joachim100x"]
[Black "AldokhinIvan"]
[Result "0-1"]
[WhiteElo "2500"]
[BlackElo "2663"]
[TimeControl "180+1"]
[EndTime "9:46:10 PST"]
[Termination "AldokhinIvan won by resignation"]

1. Nc3 Nf6 2. e4 d6 3. d4 c6 4. f4 b5 5. e5 dxe5 6. fxe5 Nd5 7. Nf3 Nxc3 8. bxc3 e6 9. Bd3 Be7 10. O-O Nd7 11.
Qe1 h6 12. Qg3 g5 13. h4 Rg8 14. hxg5 hxg5 15. Be4 Bb7 16. Be3 Nb6 17. Qh2 Nd5 18. Qh7 Rf8 19. Bxd5 Qxd5 20. Bxg5 Bxg5 21. Nxg5 c5 22.
Nf3 O-O-O 23. a4 b4 24. cxb4 c4 25. c3 Rg8 26. Qc2 Rg3 27. Rf2 Rdg8 28. Raf1 Qd8 29.
Qe2 Qf8 30. Qxc4+ Kb8 31. Qe2 Qg7 32. c4 Bxf3 0-1

[Event "Early-Titled-Tuesday-Blitz-March-05-2024"]
[Site "Chess.com"]
[Date "2024.03.05"]
[Round "9"]
[White "Felix-Rose"]
[Black "HelvertHernandez"]
[Result "1-0"]
[WhiteElo "2282"]
[BlackElo "2030"]
[TimeControl "180+1"]
[EndTime "9:46:12 PST"]
[Termination "Felix-Rose won by resignation"]

1. e4 c5 2. Nf3 Nc6 3. d4 cxd4 4. Nxd4 Nf6 5. Nc3 e5 6. Ndb5 d6 7. Bg5 a6 8. Na3 b5 9. Nd5 Be7 10. Bxf6 Bxf6 11. c3 Bg5 12. Nc2 O-O 13. a4 bxa4 14.
Rxa4 a5 15. Bc4 Bd7 16. Ra2 Kh8 17. Nce3 Bxe3 18. Nxe3 Be6 19. O-O Ne7 20. Qd3 Rc8 21.
Rd1 Rc6 22. Bd5 Bxd5 23. Nxd5 Nxd5 24. Qxd5 Ra6 25. g3 f5 26. exf5 Rxf5 27. Qe6 Rf6 28.
Qxe5 Ra8 29. Qd5 Qf8 30. Rd2 Re8 31. Rxa5 h6 32. Kg2 Kh7 33. Qd3+ Kh8 34. Rd5 Ree6 35. b4 Qf7 36. c4 Qf8 37. b5 Re5 38. Rxd6 Rxd6 39.
Qxd6 Qc8 40. Qd8+ Qxd8 41. Rxd8+ Kh7 42. b6 Rc5 43. b7 Rxc4 44. b8=Q 1-0

[Event "Early-Titled-Tuesday-Blitz-March-05-2024"]
[Site "Chess.com"]
[Date "2024.03.05"]
[Round "9"]
[White "PavelShkapenko"]
[Black "LiamPutnam2008"]
[Result "0-1"]
[WhiteElo "2753"]
[BlackElo "2900"]
[TimeControl "180+1"]
[EndTime "9:46:14 PST"]
[Termination "LiamPutnam2008 won by resignation"]

1. e4 c5 2. Nc3 g6 3. g3 Bg7 4. Bg2 Nc6 5. d3 e6 6. Be3 d6 7.
Qd2 Rb8 8. Nge2 b5 9. O-O b4 10. Nd1 Nge7 11. Bh6 O-O 12. Bxg7 Kxg7 13. Ne3 Bb7 14.
a3 a5 15. axb4 axb4 16. d4 cxd4 17. Nxd4 Qb6 18. Nxc6 Qxc6 19. Rfd1 b3 20. cxb3 Rfd8 21. Ng4 Ng8 22. Qc3+ e5 23. Rdc1 Qd7 24. Ra7 Qxg4 25. Qb4 Qd7 26. Qb6 Rdc8 27. Rd1 Rc6 28. Qb5 Nf6 29.
h4 Rc1 30. Qf1 Rxd1 31. Qxd1 Qc6 32. Ra1 Qb6 33. Rc1 Bxe4 0-1

[Event "Early-Titled-Tuesday-Blitz-March-05-2024"]
[Site "Chess.com"]
[Date "2024.03.05"]
[Round "9"]
[White "ninguno46"]
[Black "Azalea95"]
[Result "0-1"]
[WhiteElo "2516"]
[BlackElo "2398"]
[TimeControl "180+1"]
[EndTime "9:46:14 PST"]
[Termination "Azalea95 won on time"]

1. e4 e6 2. d4 d5 3. Nc3 Bb4 4. e5 c5 5. Bd2 cxd4 6. Nb5 Bc5 7. Qg4 Kf8 8. b4 Be7 9. Nxd4 Qc7 10. Ngf3 Nc6 11.
Nxc6 Qxc6 12. Bd3 h5 13. Qf4 Nh6 14. O-O Nf5 15. b5 Qc7 16. Rac1 Bd7 17. c4 dxc4 18. Rxc4 Qb6 19. a4 Rd8 20. Bxf5 exf5 21. Bb4 Be6 22. Bxe7+ Kxe7 23. a5 Qxa5 24. Qg5+ Kf8 25. Rd4 Rxd4 26. Nxd4 Rh6 27. h4 Kg8 0-1

[Event "Early-Titled-Tuesday-Blitz-March-05-2024"]
[Site "Chess.com"]
[Date "2024.03.05"]
[Round "9"]
[White "Pingah9"]
[Black "Brave_spirit12"]
[Result "0-1"]
[WhiteElo "2592"]
[BlackElo "2736"]
[TimeControl "180+1"]
[EndTime "9:46:15 PST"]
[Termination "Brave_spirit12 won by checkmate"]

1. e4 e6 2. d4 d5 3. e5 c5 4. c3 Nc6 5. Nf3 Qb6 6. a3 f6 7.
Bd3 fxe5 8. dxe5 c4 9. Bc2 g6 10. O-O Nh6 11. Nbd2 Ng4 12. b3 Bc5 13. Qe2 cxb3 14.
Nxb3 O-O 15. h3 Rxf3 16. Qxf3 Ngxe5 17. Qg3 Bd6 18. Bf4 Bd7 19. Rfe1 Qc7 20. Nd4 Nxd4 21. cxd4 Nf3+ 22. Qxf3 Bxf4 23. g3 Bh6 24. Bd3 Rf8 25. Qe2 Bg7 26. Rac1 Qb6 27. Qg4 Bxd4 28. Re2 Rxf2 29.
Rxf2 Bxf2+ 30. Kg2 Bc5 31. Rf1 Qb2+ 32. Kh1 Qe5 33. a4 Bc6 34. h4 d4+ 35. Kh2 Kg7 36. Kh3 Bd6 37. Rf4 Qe3 38. Rxd4 Qg1 39. Qxe6 Qxg3# 0-1

[Event "Early-Titled-Tuesday-Blitz-March-05-2024"]
[Site "Chess.com"]
[Date "2024.03.05"]
[Round "9"]
[White "tarno17"]
[Black "ChempionBg"]
[Result "0-1"]
[WhiteElo "2170"]
[BlackElo "2391"]
[TimeControl "180+1"]
[EndTime "9:46:16 PST"]
[Termination "ChempionBg won on time"]

1. e4 c5 2. Nf3 d6 3. Bb5+ Bd7 4. Bxd7+ Qxd7 5. O-O Nc6 6. Nc3 g6 7. d3 Bg7 8. Ne2 Nf6 9. Ng3 O-O 10. Re1 Ng4 11. c3 d5 12. e5 Ngxe5 13. Nxe5 Nxe5 14. Bf4 Nc6 15. Qd2 Rfe8 16. Bh6 Bh8 17. Qg5 f6 18. Qe3 d4 19. Qf3 dxc3 20. bxc3 Ne5 21. Qe4 f5 22. Qe3 Nxd3 23. Rad1 c4 24. Nh5 Qc6 25. Nf4 e5 26. Nxd3 cxd3 27. Rxd3 e4 28. Rd2 Qxc3 0-1

[Event "Early-Titled-Tuesday-Blitz-March-05-2024"]
[Site "Chess.com"]
[Date "2024.03.05"]
[Round "9"]
[White "Jumbo"]
[Black "TimGrutter03"]
[Result "1-0"]
[WhiteElo "2914"]
[BlackElo "2626"]
[TimeControl "180+1"]
[EndTime "9:46:17 PST"]
[Termination "Jumbo won on time"]

1. Nf3 Nf6 2. c4 g6 3. g3 Bg7 4. Bg2 O-O 5. O-O d6 6. d4 Nc6 7. Nc3 e5 8. d5 Ne7 9. b4 a5 10. bxa5 Nd7 11. e4 h6 12. Ba3 Rxa5 13. Bb4 Ra8 14.
a4 b6 15. a5 bxa5 16. Bxa5 Ba6 17. Nd2 Nc5 18. Qc2 Qd7 19. Rfb1 Rfb8 20. Bb4 Nc8 21. Ra5 Nb6 22. Bxc5 dxc5 23. Rxc5 Bf8 24. Ra5 Bxc4 25. Rxa8 Rxa8 26. Rxb6 cxb6 27. Nxc4 Rc8 28. Nxb6 Rxc3 29. Qxc3 Qb5 30. Nc4 Qb1+ 31. Bf1 Qxe4 32. Qd3 Qe1 33. Qe3 Qxe3 34. fxe3 Bc5 35. Kf2 f6 36. Bd3 Kf7 37. g4 h5 38. gxh5 gxh5 39. Bf5 Bb4 40.
Kf3 Bc3 41. h3 Bb4 42. Ke4 Be1 43. d6 Bb4 44. Kd5 Ke8 45. e4 1-0

[Event "Early-Titled-Tuesday-Blitz-March-05-2024"]
[Site "Chess.com"]
[Date "2024.03.05"]
[Round "9"]
[White "dosto07"]
[Black "salzikis"]
[Result "1-0"]
[WhiteElo "2564"]
[BlackElo "2429"]
[TimeControl "180+1"]
[EndTime "9:46:17 PST"]
[Termination "dosto07 won by resignation"]

1. e4 e5 2. Nf3 Nf6 3. d4 exd4 4.
e5 Ne4 5. Qxd4 d5 6. exd6 Nxd6 7.
Bg5 Qd7 8. Nc3 Nc6 9. Qe3+ Qe6 10. O-O-O Qxe3+ 11. Bxe3 Be6 12. Ng5 O-O-O 13. Nxe6 fxe6 14. g3 Nf5 15. Rxd8+ Nxd8 16. Bf4 Nf7 17. Bh3 Bd6 18. Bd2 Bc5 19. Ne4 Bd4 20. c3 Be5 21. Re1 g6 22. Bg2 b6 23. f4 Bg7 24. Nf2 Re8 25.
Bc6 Re7 26. Nd3 e5 27. fxe5 Nxe5 28. Nxe5 Rxe5 29. Rxe5 Bxe5 30. Kd1 Kd8 31. Bd5 Kd7 32. Ke2 c6 33. Bg8 h5 34. Kd3 Ne7 35. Bf7 Bf6 36. Bf4 h4 37. g4 g5 38. Bb8 a6 39.
Ke4 b5 40. Ba7 a5 41. Bd4 Bxd4 42. cxd4 Kd6 43. Be8 Ke6 44. a3 Kd6 45. b3 Ke6 46. Bxc6 Nxc6 47. d5+ Kd6 48. dxc6 Kxc6 49. b4 axb4 50.
axb4 Kd6 51. Kf5 Kd5 52. Kxg5 Kc4 53. Kxh4 Kxb4 54. g5 Ka5 55. g6 b4 56. g7 b3 57.
g8=Q b2 58. Qg1 b1=Q 59. Qxb1 1-0

[Event "Early-Titled-Tuesday-Blitz-March-05-2024"]
[Site "Chess.com"]
[Date "2024.03.05"]
[Round "9"]
[White "HATilay"]
[Black "Statham_01"]
[Result "0-1"]
[WhiteElo "2671"]
[BlackElo "2561"]
[TimeControl "180+1"]
[EndTime "9:46:19 PST"]
[Termination "Statham_01 won on time"]

1. e4 e5 2. Nf3 Nf6 3. d4 Nxe4 4. Bd3 d5 5. Nxe5 Nd7 6. Nxd7 Bxd7 7. Nd2 Nf6 8. O-O Bd6 9. Re1+ Be6 10. Nf3 h6 11.
Ne5 Qe7 12. c3 c6 13. f4 Bxe5 14. Rxe5 g6 15. f5 gxf5 16. Bxf5 O-O-O 17. Bf4 Nd7 18.
Bxe6 fxe6 19. Re1 Rdf8 20. Bg3 h5 21. h3 Rhg8 22. Bh2 Nf6 23. Qa4 a6 24. c4 Ne4 25.
Qc2 Rf2 26. Qxf2 Nxf2 27. Kxf2 Qh4+ 28. Kg1 Qxd4+ 29. Kh1 Qxb2 30. Rg1 Rxg2 31. Rxg2 Qxa1+ 32. Bg1 dxc4 33. Kh2 Qe5+ 0-1

[Event "Early-Titled-Tuesday-Blitz-March-05-2024"]
[Site "Chess.com"]
[Date "2024.03.05"]
[Round "9"]
[White "Yan_Dyomin2010"]
[Black "Shahdad2007"]
[Result "1-0"]
[WhiteElo "2710"]
[BlackElo "2571"]
[TimeControl "180+1"]
[EndTime "9:46:20 PST"]
[Termination "Yan_Dyomin2010 won by resignation"]

1. e4 c5 2. c3 d5 3. exd5 Qxd5 4. d4 Nf6 5. Nf3 e6 6. Be3 cxd4 7. cxd4 Bb4+ 8.
Nc3 O-O 9. Bd3 Qa5 10. O-O Bxc3 11. bxc3 Qxc3 12. Rc1 Qa5 13. Rc5 Qd8 14. Rg5 Nd5 15. Rg3 Nxe3 16. fxe3 g6 17. Ne5 Nc6 18. Nxc6 bxc6 19.
Qf3 Bb7 20. Be4 Qc7 21. Qf6 Qd8 22. Qe5 Qe7 23. Rf6 Rad8 24. h4 Qd6 25. Qg5 Kg7 26.
h5 Rg8 27. h6+ Kf8 28. Rgf3 Rd7 29. Qa5 c5 30. dxc5 Qd1+ 31. Rf1 Qe2 32. Bxb7 Qxe3+ 33. R6f2 f5 34. c6 Rd2 35. Qxd2 1-0

[Event "Early-Titled-Tuesday-Blitz-March-05-2024"]
[Site "Chess.com"]
[Date "2024.03.05"]
[Round "9"]
[White "djano"]
[Black "PepeCuenca"]
[Result "0-1"]
[WhiteElo "2563"]
[BlackElo "2702"]
[TimeControl "180+1"]
[EndTime "9:46:20 PST"]
[Termination "PepeCuenca won by resignation"]

1. e4 c5 2. Nc3 Nc6 3. Bb5 Nd4 4. Nf3 e6 5. O-O a6 6. Bd3 Nc6 7. Nd5 d6 8. Ne3 g6 9. c3 Bg7 10. Bc2 e5 11. d4 exd4 12. cxd4 Nxd4 13. Nxd4 Bxd4 14.
Nd5 Be6 15. Rb1 Bxd5 16. exd5 Ne7 17. Bh6 Qd7 18. b4 O-O-O 19. b5 axb5 20. Bd3 Nxd5 21.
Bxb5 Qc7 22. Qa4 Kb8 23. Bd2 Bc3 24. Bc6 Nb6 25. Rxb6 Qxb6 26. Bxc3 Qxc6 27. Qb3 Rhe8 28. Ba5 Rc8 29. Rb1 Qa6 30. h4 d5 31. Qg3+ Ka8 32.
Bd2 c4 33. Bc3 Red8 34. Bd4 c3 35. Rb6 Qa5 36. Rb1 c2 37. Rc1 Rc4 38. Bf6 Rdc8 39. Qd3 d4 40. Qxd4 Rxd4 0-1

[Event "Early-Titled-Tuesday-Blitz-March-05-2024"]
[Site "Chess.com"]
[Date "2024.03.05"]
[Round "9"]
[White "MANOJ_MISHRA123"]
[Black "JohnWhite1952"]
[Result "1-0"]
[WhiteElo "2263"]
[BlackElo "2005"]
[TimeControl "180+1"]
[EndTime "9:46:20 PST"]
[Termination "MANOJ_MISHRA123 won on time"]

1. d4 Nf6 2. Bf4 d6 3. e3 g6 4. h4 Bg7 5. Nc3 O-O 6. f3 c5 7. g4 cxd4 8. exd4 Nc6 9. h5 Qb6 10. hxg6 fxg6 11. Bc4+ Kh8 12. Nge2 e6 13. Qd2 e5 14.
Bh6 Qc7 15. g5 Nh5 16. Nd5 Qd7 17. O-O-O Rxf3 18. Rdf1 Rxf1+ 19. Rxf1 Bxh6 20. gxh6 Qd8 21. Rf7 Bf5 22. Ne3 Nf4 23. Nxf4 exf4 24. Nxf5 gxf5 25. Qg2 Qg8 26. Rg7 1-0

[Event "Early-Titled-Tuesday-Blitz-March-05-2024"]
[Site "Chess.com"]
[Date "2024.03.05"]
[Round "9"]
[White "ljuks68"]
[Black "Predator0608"]
[Result "0-1"]
[WhiteElo "2413"]
[BlackElo "2547"]
[TimeControl "180+1"]
[EndTime "9:46:21 PST"]
[Termination "Predator0608 won on time"]

1. e4 c5 2. Nf3 d6 3. d4 cxd4 4.
Nxd4 Nf6 5. Nc3 a6 6. Bg5 e6 7. f4 Nbd7 8. Qf3 Be7 9. O-O-O Qc7 10. g4 b5 11. Bxf6 Nxf6 12. g5 Nd7 13. f5 Bxg5+ 14.
Kb1 Ne5 15. Qh5 Qd8 16. Nxe6 Bxe6 17. fxe6 g6 18. exf7+ Kxf7 19. Qe2 Kg7 20. Bh3 Rf8 21. Be6 Rc8 22. Bb3 Rxc3 23. bxc3 Qc7 24. Rhf1 Bf4 25. Qf2 Nc4 26. Rd3 Na3+ 27. Ka1 Rf6 0-1

[Event "Early-Titled-Tuesday-Blitz-March-05-2024"]
[Site "Chess.com"]
[Date "2024.03.05"]
[Round "9"]
[White "chessamical"]
[Black "db-banana"]
[Result "1-0"]
[WhiteElo "2203"]
[BlackElo "2464"]
[TimeControl "180+1"]
[EndTime "9:46:21 PST"]
[Termination "chessamical won by resignation"]

1. d4 Nf6 2. Bf4 e6 3. e3 b6 4.
Nf3 Bb7 5. Nbd2 Be7 6. Bd3 d5 7.
h3 O-O 8. Qe2 c5 9. c3 Ne4 10.
O-O Nd7 11. Ba6 Qc8 12. Bxb7 Qxb7 13. Nxe4 dxe4 14. Nd2 Rfe8 15. a4 Bf6 16. Nc4 Qa6 17. Rfe1 cxd4 18. exd4 e5 19. Nxe5 Qxe2 20. Rxe2 Nxe5 21.
dxe5 Bxe5 22. Rxe4 Bxf4 23. Rxf4 Re2 24. Rd1 Re7 25.
Rfd4 g6 26. Kf1 Re5 27. Rd8+ Rxd8 28. Rxd8+ Kg7 29. Rd7 Ra5 30. b3 b5 31. Rd5 a6 32.
c4 Kf6 33. cxb5 Ke6 34. Rc5 Kd6 35. Rc6+ Kd5 36. Rxa6 1-0

[Event "Early-Titled-Tuesday-Blitz-March-05-2024"]
[Site "Chess.com"]
[Date "2024.03.05"]
[Round "9"]
[White "moro182"]
[Black "VladimirKramnik"]
[Result "0-1"]
[WhiteElo "2841"]
[BlackElo "2975"]
[TimeControl "180+1"]
[EndTime "9:46:22 PST"]
[Termination "VladimirKramnik won by resignation"]

1. d4 Nf6 2. Nf3 d5 3. Bf4 c5 4.
e3 Nc6 5. Nbd2 Bg4 6. c3 e6 7.
Qb3 Qc8 8. Ne5 Nxe5 9. Bxe5 c4 10. Qb5+ Nd7 11. Bg3 Be7 12. f3 a6 13. Qa4 Bh5 14.
e4 O-O 15. Be2 f5 16. Qd1 b5 17. O-O f4 18. Bf2 Nb6 19. Re1 Qc6 20. Qc1 a5 21. b3 Bg6 22. bxc4 bxc4 23. Bd1 Rfe8 24. Bc2 Bf8 25.
Rb1 Na4 26. exd5 exd5 27. Rxe8 Rxe8 28. Bxg6 Qxg6 29. Rb5 Qd3 30. Nb1 Re2 31. Rxa5 Rb2 32. Na3 Nxc3 33. Qe1 Re2 34. Qf1 Rxa2 35. Qxd3 cxd3 36.
Be1 d2 37. Bxd2 Rxd2 38. Ra8 Rxd4 39. h4 Ra4 0-1

[Event "Early-Titled-Tuesday-Blitz-March-05-2024"]
[Site "Chess.com"]
[Date "2024.03.05"]
[Round "9"]
[White "DvaHrasta"]
[Black "Semetey"]
[Result "0-1"]
[WhiteElo "2448"]
[BlackElo "2581"]
[TimeControl "180+1"]
[EndTime "9:46:22 PST"]
[Termination "Semetey won on time"]

1. c4 g6 2. g3 Bg7 3. Bg2 f5 4. Nc3 Nf6 5. d3 O-O 6. e4 d6 7. exf5 gxf5 8. h4 Nc6 9. h5 h6 10. Nf3 e5 11. Nh4 Ne7 12. Nd5 Nfxd5 13. cxd5 Qe8 14.
Bd2 Bd7 15. Rc1 Rc8 16. b3 Qf7 17. Qf3 c6 18. dxc6 Bxc6 19. Qe2 Bxg2 20. Nxg2 Nd5 21.
O-O f4 22. Qg4 Rxc1 23. Rxc1 Nf6 24. Qg6 Nxh5 25. Qxf7+ Rxf7 26. Rc8+ Kh7 27. g4 Nf6 28. f3 Nd5 29. Nh4 Rc7 30. Rxc7 Nxc7 31. Nf5 Bf8 32.
d4 Ne6 33. dxe5 dxe5 34. Bc3 Bc5+ 35. Kf1 Bd4 36. Bxd4 Nxd4 37. Nxd4 exd4 38. Ke2 Kg6 39. Kd3 Kg5 40. Kxd4 Kh4 41. Ke4 Kg3 42. a3 b5 43. a4 bxa4 44. bxa4 a5 0-1

[Event "Early-Titled-Tuesday-Blitz-March-05-2024"]
[Site "Chess.com"]
[Date "2024.03.05"]
[Round "9"]
[White "BilicVladimir"]
[Black "thesupera12"]
[Result "1/2-1/2"]
[WhiteElo "2614"]
[BlackElo "2501"]
[TimeControl "180+1"]
[EndTime "9:46:23 PST"]
[Termination "Game drawn - insufficient material"]

1. Nf3 h6 2. c4 g5 3. d4 g4 4. Ne5 d6 5. Nd3 Bg7 6. e3 h5 7. h3 gxh3 8. g3 e5 9. dxe5 dxe5 10. Bxh3 Bxh3 11. Rxh3 e4 12. Nf4 Qxd1+ 13. Kxd1 Nc6 14. Rxh5 O-O-O+ 15. Ke2 Nb4 16. Na3 Nd3 17. Rxh8 Bxh8 18.
Nxd3 Rxd3 19. Nc2 Ne7 20. Rb1 Nc6 21. Ne1 Rd6 22. Bd2 a6 23. b3 Bf6 24. Rd1 Re6 25. Rc1 Be7 26. Bc3 Bb4 27. Bxb4 Nxb4 28. a3 Nc6 29. b4 Rh6 30. c5 Ne5 31. a4 Rh2 32. Kf1 Ng4 33. Rc2 Rh1+ 34. Ke2 Rh2 35.
Kf1 Rh1+ 36. Ke2 Rh2 37. Kd1 Rxf2 38. Rxf2 Nxf2+ 39. Ke2 Ng4 40. Nc2 Kd7 41. Nd4 Ne5 42. b5 axb5 43. axb5 b6 44. cxb6 cxb6 45. Nb3 Kd6 46.
Nd2 Kd5 47. Nb3 f5 48. Nd4 Kc5 49. Nxf5 Kxb5 50. Nd6+ Kc5 51. Nxe4+ Kd5 52. Nf2 b5 53. g4 b4 54. g5 b3 55. Nd3 Nf7 56. g6 Nh6 57. g7 Ke6 58. Nc5+ Kf7 59. Nxb3 Kxg7 60. Kd3 Ng4 61. e4 Nf2+ 62. Ke3 Nxe4 1/2-1/2

[Event "Early-Titled-Tuesday-Blitz-March-05-2024"]
[Site "Chess.com"]
[Date "2024.03.05"]
[Round "9"]
[White "BeardedNM"]
[Black "Darius321"]
[Result "1-0"]
[WhiteElo "2222"]
[BlackElo "2333"]
[TimeControl "180+1"]
[EndTime "9:46:23 PST"]
[Termination "BeardedNM won by resignation"]

1. e4 c5 2. Nf3 g6 3. d4 cxd4 4.
Nxd4 Bg7 5. Nc3 Nc6 6. Be3 Nf6 7.
Bc4 O-O 8. Bb3 d5 9. exd5 Na5 10.
Qd2 Nxb3 11. Nxb3 b6 12. h3 Bb7 13. O-O-O Qd7 14. Bh6 Rfd8 15. Bxg7 Kxg7 16. Rhe1 a5 17.
a4 Rac8 18. Qe3 Qd6 19. Qxe7 Qf4+ 20. Qe3 Qb4 21. Kb1 b5 22. axb5 a4 23. Rd4 Rc4 24. Rxc4 Qxc4 25. Qd4 Qxd4 26. Nxd4 Nxd5 27. Nxa4 Nf4 28.
Nc6 Bxc6 29. bxc6 Rc8 30. Re4 Nxg2 31. Rc4 Rc7 32. b4 Ne1 33. b5 Nf3 34. b6 Nd2+ 35.
Kc1 Nxc4 36. bxc7 Nd6 37. Nb6 Kf6 38. c8=Q Nxc8 39. Nxc8 1-0

[Event "Early-Titled-Tuesday-Blitz-March-05-2024"]
[Site "Chess.com"]
[Date "2024.03.05"]
[Round "9"]
[White "SergioMoralesG"]
[Black "pr1105"]
[Result "0-1"]
[WhiteElo "2477"]
[BlackElo "2367"]
[TimeControl "180+1"]
[EndTime "9:46:25 PST"]
[Termination "pr1105 won on time"]

1. d4 Nf6 2. c4 e6 3. Nf3 d5 4.
Nc3 Bb4 5. Bg5 h6 6. Bxf6 Qxf6 7. e3 O-O 8. Qb3 c5 9. cxd5 exd5 10. dxc5 Nc6 11.
O-O-O Bxc3 12. Qxc3 Qxc3+ 13. bxc3 Be6 14. Nd4 Ne5 15. Kb2 Rac8 16. Nb3 Nd7 17. Be2 Nxc5 18. Nxc5 Rxc5 19. Rd4 Rfc8 20. Rc1 g5 21. g4 Kf8 22. h3 Ke7 23. f4 f6 24. f5 Bf7 25. Bf3 b5 26.
Rcd1 Rxc3 27. Bxd5 Be8 28. Re4+ Kf8 29. Bb3 a5 30. Rd6 a4 31. Rxf6+ Kg7 32. Rfe6 Bf7 33. f6+ Kf8 0-1

[Event "Early-Titled-Tuesday-Blitz-March-05-2024"]
[Site "Chess.com"]
[Date "2024.03.05"]
[Round "9"]
[White "ChessBrainiacOnTwitch"]
[Black "Hamisandwich"]
[Result "0-1"]
[WhiteElo "2815"]
[BlackElo "2657"]
[TimeControl "180+1"]
[EndTime "9:46:26 PST"]
[Termination "Hamisandwich won by checkmate"]

1. e4 c6 2. d4 d5 3. e5 Bf5 4. h4 a6 5. c4 dxc4 6. Bxc4 e6 7. Nc3 h6 8. Nf3 Ne7 9. h5 Nd5 10. Ne2 Be7 11. Ng3 Bh7 12. O-O Nd7 13.
Bd3 Bxd3 14. Qxd3 c5 15. Rd1 b5 16. Qe4 c4 17. Qg4 Kf8 18. Bd2 b4 19. Rac1 Rc8 20.
Ne4 Qb6 21. Rc2 a5 22. Rdc1 Qa6 23. Ne1 a4 24. Qh3 Kg8 25. f4 b3 26. axb3 axb3 27. Rc3 Nxc3 28. Bxc3 Qc6 29. Nf2 Nb6 30. f5 exf5 31.
Qxf5 Qe6 32. Qf3 Nd5 33. Bd2 Bg5 34. Bxg5 hxg5 35. Ne4 g4 36. Qe2 Rxh5 37. Nd6 Qh6 38. Qxg4 Qe3+ 39. Kf1 Rh1# 0-1